 Dungeon Crawl Stone Soup version 0.16.1-2-g95b8d4c (webtiles) character file.

3283 reaverb the Basher (level 9, -9/75 HPs)
             Began as a Mottled Draconian Skald on Mar 23, 2015.
             Was a Believer of Makhleb.
             Mangled by a yak (17 damage)
             ... on level 8 of the Dungeon on Mar 24, 2015.
             The game lasted 01:06:40 (13041 turns).

reaverb the Basher (Mottled Draconian Skald)       Turns: 13041, Time: 01:06:40

Health: -9/75      AC:  9    Str: 15    XL:     9   Next: 69%
Magic:  16/17      EV: 20    Int: 14    God:    Makhleb [**....]
Gold:   3          SH:  0    Dex: 17    Spells: 5 memorised, 3 levels left

rFire  . . .     SeeInvis .     i - +0 dire flail (curse)
rCold  . . .     Clarity  +     (armour unavailable)
rNeg   . . .     SustAb   .     (no shield)
rPois  .         Gourm    .     x - +2 hat
rElec  .         Spirit   .     (no cloak)
rCorr  .         Warding  .     (no gloves)
rMut   .         Stasis   .     (no boots)
MR     .....                    u - amulet of clarity
Stlth  +++.......               (no ring)
                                g - ring of wizardry

@: agile, short of breath, not resistant to hostile enchantments, fairly
stealthy
A: breathe sticky flames, unfitting armour, cold-blooded, AC +7
a: Breathe Sticky Flame, Minor Destruction, Renounce Religion


You were on level 8 of the Dungeon.
You worshipped Makhleb.
Makhleb was pleased with you.
You were hungry.

You visited 1 branch of the dungeon, and saw 8 of its levels.

You collected 303 gold pieces.
You spent 300 gold pieces at shops.

Notes
Turn   | Place    | Note
--------------------------------------------------------------
     0 | D:1      | reaverb, the Draconian Skald, began the quest for the Orb.
     0 | D:1      | Reached XP level 1. HP: 17/17 MP: 3/3
   193 | D:1      | Reached XP level 2. HP: 24/24 MP: 4/4
   346 | D:1      | Reached skill level 3 in Maces & Flails
   680 | D:1      | Huge Dmg: 4 Dmg
   687 | D:1      | Huge Dmg: 3 Dmg
   972 | D:1      | Reached XP level 3. HP: 21/29 MP: 6/6
  2288 | D:2      | Reached skill level 4 in Maces & Flails
  2615 | D:3      | Learned a level 2 spell: Song of Slaying
  2618 | D:3      | Learned a level 2 spell: Shroud of Golubria
  2687 | D:3      | Found a shimmering altar of Xom.
  2730 | D:3      | Reached XP level 4. HP: 24/36 MP: 2/7
  3164 | D:3      | Huge Dmg: 11 Dmg
  3170 | D:3      | Huge Dmg: 7 Dmg
  3175 | D:3      | Huge Dmg: 5 Dmg
  3374 | D:3      | Found a shimmering altar of Xom.
  3885 | D:2      | Huge Dmg: 8 Dmg
  4232 | D:3      | Found a shimmering altar of Xom.
  4239 | D:3      | Found a shimmering altar of Xom.
  4508 | D:4      | Reached XP level 5. HP: 36/42 MP: 1/9
  4589 | D:4      | Noticed Robin
  4761 | D:4      | Learned a level 3 spell: Spectral Weapon
  4876 | D:4      | Huge Dmg: 11 Dmg
  4876 | D:4      | Reached skill level 1 in Hexes
  5201 | D:4      | Found a bloodstained altar of Trog.
  5253 | D:4      | Killed Robin
  5372 | D:4      | Reached XP level 6. HP: 44/50 MP: 2/10
  5758 | D:4      | Noticed a big kobold
  5801 | D:4      | Killed a big kobold
  5953 | D:4      | Found a burning altar of Makhleb.
  5953 | D:4      | Found a stormy altar of Qazlal.
  5955 | D:4      | Noticed a slave
  5958 | D:4      | Noticed Pikel
  5959 | D:4      | Became a worshipper of Makhleb the Destroyer
  5960 | D:4      | Noticed a slave
  5960 | D:4      | Noticed a slave
  5961 | D:4      | Noticed a slave
  5988 | D:3      | Killed a slave
  6207 | D:4      | Reached skill level 5 in Maces & Flails
  6568 | D:5      | Entered Level 5 of the Dungeon
  6574 | D:5      | Huge Dmg: 12 Dmg
  6575 | D:5      | Huge Dmg: 8 Dmg
  6577 | D:4      | Huge Dmg: 11 Dmg
  6967 | D:5      | Your scales start taking on a weird mottled pattern.
  6967 | D:5      | Reached XP level 7. HP: 53/56 MP: 4/14
  7290 | D:5      | Noticed a two-headed ogre
  7297 | D:5      | Killed a two-headed ogre
  7297 | D:5      | Reached skill level 7 in Maces & Flails
  7395 | D:5      | Found a sparkling altar of Nemelex Xobeh.
  7434 | D:5      | Noticed Prince Ribbit
  7475 | D:5      | Huge Dmg: 18 Dmg
  7643 | D:5      | Huge Dmg: 14 Dmg
  7645 | D:5      | Huge Dmg: 14 Dmg
  7647 | D:5      | Huge Dmg: 13 Dmg
  7647 | D:5      | Killed Prince Ribbit
  7647 | D:5      | Reached skill level 8 in Maces & Flails
  7647 | D:5      | Reached XP level 8. HP: 12/62 MP: 11/16
  8533 | D:5      | Learned a level 3 spell: Regeneration
  8598 | D:5      | Acquired Makhleb's first power
  8802 | D:6      | Noticed Menkaure
  8818 | D:6      | Killed Menkaure
  8818 | D:6      | Reached skill level 5 in Charms
  8862 | D:6      | Found a staircase to the Ecumenical Temple.
  9094 | D:6      | Found a snail-covered altar of Cheibriados.
  9100 | D:6      | Found a radiant altar of Vehumet.
  9103 | D:6      | Found an iron altar of Okawaru.
  9160 | D:5      | Huge Dmg: 17 Dmg
  9649 | D:6      | Huge Dmg: 15 Dmg
  9650 | D:6      | Huge Dmg: 9 Dmg
  9652 | D:6      | Huge Dmg: 7 Dmg
  9654 | D:6      | Huge Dmg: 10 Dmg
  9656 | D:6      | Huge Dmg: 12 Dmg
  9656 | D:6      | HP: 6/63 [scorpion (2)]
  9657 | D:6      | Huge Dmg: 2 Dmg
  9673 | D:5      | HP: 5/66 [giant gecko (5)]
  9674 | D:5      | Huge Dmg: 4 Dmg
  9737 | D:5      | Huge Dmg: 10 Dmg
  9906 | D:5      | Upgraded the game from 0.16.1 to 0.16.1-2-g95b8d4c
  9958 | D:6      | Reached skill level 5 in Fighting
 10453 | D:6      | Found Killoixu's Weapon Shoppe.
 10641 | D:6      | Huge Dmg: 12 Dmg
 10930 | D:6      | Huge Dmg: 25 Dmg
 10931 | D:6      | Huge Dmg: 11 Dmg
 11268 | D:7      | Noticed Joseph
 11521 | D:7      | Huge Dmg: 15 Dmg
 11527 | D:7      | Huge Dmg: 11 Dmg
 11531 | D:7      | Killed Joseph
 11531 | D:7      | Reached XP level 9. HP: 45/75 MP: 2/17
 11681 | D:7      | Huge Dmg: 15 Dmg
 12425 | D:7      | Found Afiph's Distillery.
 12433 | D:7      | Bought 2 potions of agility for 96 gold pieces
 12433 | D:7      | Bought a potion of heal wounds for 60 gold pieces
 12433 | D:7      | Bought a potion of lignification for 36 gold pieces
 12442 | D:7      | Bought a potion of curing for 36 gold pieces
 12442 | D:7      | Bought 2 potions of curing for 72 gold pieces
 12489 | D:7      | Reached skill level 5 in Dodging
 12492 | D:7      | Huge Dmg: 16 Dmg
 12673 | D:7      | Huge Dmg: 20 Dmg
 12674 | D:7      | Huge Dmg: 8 Dmg
 12674 | D:7      | HP: 6/75 [orc warrior/enchanted trident (21)]
 12675 | D:7      | Huge Dmg: 21 Dmg
 12675 | D:7      | HP: 1/75 [orc warrior/enchanted trident (5)]
 12676 | D:7      | Huge Dmg: 5 Dmg
 12710 | D:7      | HP: 2/75 [orc warrior/enchanted trident (9)]
 12712 | D:8      | Huge Dmg: 13 Dmg
 12716 | D:8      | Huge Dmg: 9 Dmg
 12746 | D:8      | Huge Dmg: 8 Dmg
 13032 | D:8      | Reached skill level 9 in Maces & Flails
 13034 | D:8      | Huge Dmg: 9 Dmg
 13036 | D:8      | Huge Dmg: 16 Dmg
 13039 | D:8      | Acquired Makhleb's second power
 13041 | D:8      | Huge Dmg: 13 Dmg
 13041 | D:8      | Mangled by a yak

Inventory:

Hand weapons
 i - a cursed +0 dire flail (weapon)
Missiles
 f - 138 stones (quivered)
Armour
 x - a +2 hat (worn)
Jewellery
 g - a ring of wizardry (left hand)
 u - an amulet of clarity (around neck)
Magical devices
 r - a wand of polymorph (0)
Scrolls
 c - a scroll of amnesia {unknown}
 h - 2 scrolls of enchant armour
 m - a scroll of remove curse {unknown}
 o - a scroll of brand weapon {unknown}
 p - a scroll of fear {unknown}
 q - a scroll of noise {unknown}
 t - a scroll of fog {unknown}
 v - a scroll of teleportation
Potions
 e - 6 potions of curing
 j - 2 potions of magic
 k - a potion of restore abilities
 l - 2 potions of brilliance
 s - a potion of flight
 z - a potion of agility
Books
 a - a book of Control

   Spells                             Type                      Level
   a - Control Teleport               Charms/Translocation         4
   b - Control Undead                 Necromancy                   4
   c - Enslavement                    Hexes                        4
   d - Metabolic Englaciation         Hexes/Ice                    5
   e - Mass Confusion                 Hexes                        6
Comestibles
 d - 4 meat rations {@e2}
 n - 2 bread rations {@e1}
 w - a fruit

Table legend:
 A = Turns spent in this place as a percentage of turns spent in the entire game.
 B = Non-inter-level travel turns spent in this place as a percentage of non-inter-level travel turns spent in the entire game.
 C = Inter-level travel turns spent in this place as a percentage of turns spent in this place.
 D = Turns resting spent in this place as a percentage of non-inter-level travel turns spent in this place.
 E = Turns spent auto-exploring this place as a percentage of non-inter-level travel turns spent in this place.
 F = Non-inter-level travel turns spent in this place divided by the number of levels of this place that you've seen.
                   A       B       C       D       E      F
               +-------+-------+-------+-------+-------+----------------------
         Total | 100.0 | 100.0 |   0.5 |   5.8 |   3.4 | 718.6
       Dungeon | 100.0 | 100.0 |   0.5 |   5.8 |   3.4 | 718.6
               +-------+-------+-------+-------+-------+----------------------


   Skills:
 - Level 6.0 Fighting
 + Level 9.5 Maces & Flails
 - Level 5.0 Dodging
 - Level 3.0 Spellcasting
 - Level 1.7 Hexes
 - Level 6.0 Charms


You had 3 spell levels left.
You knew the following spells:

 Your Spells              Type           Power        Failure   Level  Hunger
a - Infusion              Chrm           ###...       1%          1    #......
b - Shroud of Golubria    Chrm/Tloc      ##........   4%          2    ##.....
c - Song of Slaying       Chrm           ###.....     1%          2    ##.....
d - Spectral Weapon       Hex/Chrm       ##......     6%          3    ###....
e - Regeneration          Chrm/Necr      ##........   9%          3    ###....


Dungeon Overview and Level Annotations

Branches:
Dungeon (8/15)             Temple (0/1) D:6
   Lair: D:8-11

Altars:
Cheibriados
Makhleb
Nemelex Xobeh
Okawaru
Qazlal
Trog
Vehumet
Xom

Shops:
D:6 (   D:7 !

Annotations:
D:3 exclusion: downstairs
D:4 exclusion: upstairs, Pikel
D:8 exclusion: upstairs


Innate Abilities, Weirdness & Mutations

You can spit globs of burning liquid.
You can ignite nearby creatures when you spit burning liquid.
Your weird mottled scales are hard (AC +7).
Your body does not fit into most forms of armour.
Your cold-blooded metabolism reacts poorly to cold.


Message History

You hit the yak.
Your tail-slap misses the yak.
The yak is severely wounded.
The yak misses you.
You hit the yak.
The yak is severely wounded.
The yak gores you but does no damage.
You completely miss the yak. You tail-slap the yak.
The yak is severely wounded.
The yak gores you.
* * * LOW HITPOINT WARNING * * *
Damage: -7%(-5hp) hp: 47%(35hp) Have you thought? [(y)es/(n)o/(q)uit] [Y]es, [N]o or [Q]uit only, please.
Have you thought? [(y)es/(n)o/(q)uit] Ok, then Unknown command.
Unknown command.
Unknown command.
You hit the yak!
You kill the yak!
Makhleb accepts your kill.
You hit the yak.
The yak is lightly wounded.
The yak misses you.
Use which ability? (? or * to list)
Press: ? - help, Shift-Dir - straight line, f - yak
Aim: a yak (lightly wounded)
You spit a glob of burning liquid.
The splash of liquid fire misses the yak.
You are feeling hungry.
The yak gores you.
* * * LOW HITPOINT WARNING * * *
Damage: -3%(-2hp) hp: 44%(33hp)
You hit the yak.
The yak is moderately wounded.
You hit the yak. You tail-slap the yak.
The yak is moderately wounded.
The yak barely misses you.
You hit the yak. You tail-slap the yak.
The yak is heavily wounded.
Your song is almost over.
The yak barely misses you.
You hit the yak but do no damage. You tail-slap the yak.
The yak is severely wounded.
The yak gores you.
* * * LOW HITPOINT WARNING * * *
Damage: -3%(-2hp) hp: 43%(32hp)
You hit the yak!
The yak is almost dead.
The yak barely misses you.
Your magical contamination has completely faded away.
You barely miss the yak. You tail-slap the yak.
You kill the yak!
Makhleb accepts your kill.
Your Maces & Flails skill increases to level 9!
You hit the yak!
The yak is moderately wounded.
The yak gores you!
* * * LOW HITPOINT WARNING * * *
Huge Dmg: -12%(-9hp) hp: 31%(23hp) Unknown command.
Unknown command.
You barely miss the yak.
The yak is moderately wounded.
Drink which item? (? for menu, Esc to quit)
You feel agile all of a sudden. The yak gores you!
* * * LOW HITPOINT WARNING * * *
Huge Dmg: -21%(-16hp) hp: 11%(8hp)
You hit the yak. You tail-slap the yak.
The yak is severely wounded.
Your song has ended.
The yak completely misses you.
Unknown command.
Unknown command.
Unknown command.
Unknown command.
You barely miss the yak.
The yak is severely wounded.
The yak completely misses you.
Unknown command.
You hit the yak.
The yak is almost dead.
The yak misses you.
Unknown command.
You hit the yak.
You kill the yak!
Makhleb accepts your kill.
You can now harness Makhleb's destructive might.
You feel a little better.
Unknown command.
You hit the yak!
The yak is moderately wounded.
The yak gores you!
* * * LOW HITPOINT WARNING * * *
Huge Dmg: -17%(-13hp) hp: 11%(8hp)
You barely miss the yak.
The yak is moderately wounded.
The yak gores you!
You die... ###########.# #<..@Y......# #############

You could see a yak.

Table legend:
 A = Kills in this place as a percentage of kills in entire the game.
 B = Kills by you in this place as a percentage of kills by you in the entire game.
 C = Kills by friends in this place as a percentage of kills by friends in the entire game.
 D = Other kills in this place as a percentage of other kills in the entire game.
 E = Experience gained in this place as a percentage of experience gained in the entire game.
 F = Experience gained in this place divided by the number of levels of this place that you have seen.
                   A       B       C       D       E      F
               +-------+-------+-------+-------+-------+----------------------
         Total | 100.0 | 100.0 |  -nan |  -nan | 100.0 | 586.2
       Dungeon | 100.0 | 100.0 |  -nan |  -nan | 100.0 | 586.2
               +-------+-------+-------+-------+-------+----------------------

Vanquished Creatures
  Joseph (D:7)
  A two-headed ogre (D:5)
  Prince Ribbit (D:5)
  4 yaks (D:8)
  Menkaure (D:6)
  A slave (D:3)
  A sky beast (D:6)
  An ogre (D:6)
  2 centaurs (D:5)
  A big kobold (D:4)
  3 scorpions
  2 giant frogs
  7 killer bees
  4 wights (D:7)
  5 hounds
  A goliath beetle (D:6)
  A centaur zombie (D:5)
  2 crimson imps
  An iguana (D:4)
  An orc priest (D:5)
  A giant frog skeleton (D:5)
  An orc wizard (D:7)
  4 worker ants
  A hound skeleton (D:4)
  A worker ant zombie (D:7)
  Robin (D:4)
  A gnoll (D:2)
  9 adders
  2 shadow imps (D:5)
  3 worms
  An adder skeleton (D:7)
  7 giant geckos
  4 oozes
  8 orcs
  A bat skeleton (D:5)
  15 hobgoblins
  11 jackals
  12 kobolds
  2 quokkas (D:5)
  A ball python skeleton (D:6)
  14 bats
  3 giant cockroaches
  3 giant newts (D:1)
  19 goblins
  23 rats
  A plant (D:4)
190 creatures vanquished.

Vanquished Creatures (others)
  5 spectral weapons
  2 butterflies (D:7)
7 creatures vanquished.

Grand Total: 197 creatures vanquished

Action                   |  1- 3 |  4- 6 |  7- 9 || total
-------------------------+-------+-------+-------++-------
Melee: Mace              |   166 |   281 |    19 ||   466
       Dire flail        |       |       |   296 ||   296
Throw: Stone             |       |     9 |       ||     9
 Cast: Infusion          |     4 |    34 |    10 ||    48
       Shroud of Golubri |     1 |    22 |    11 ||    34
       Song of Slaying   |       |     1 |     3 ||     4
       Spectral Weapon   |       |     9 |    20 ||    29
       Regeneration      |       |       |    19 ||    19
 Abil: Breathe Sticky Fl |       |       |    11 ||    11
Evoke: Wand              |       |       |     8 ||     8
  Use: Scroll            |       |     7 |     4 ||    11
       Potion            |       |       |     5 ||     5
 Stab: Distracted        |       |       |     1 ||     1
  Eat: Chunk             |     1 |    13 |    16 ||    30
       Bread ration      |     1 |     1 |     1 ||     3
       Beef jerky        |       |       |     1 ||     1
       Fruit             |       |       |     6 ||     6
